 Dungeon Crawl Stone Soup version 0.32-a0-791-gfc315c9ecd (webtiles) character file.

Game seed: 7639334982427651821

695 Ajdolov the Shooter (level 7, -2/56 HPs)
             Began as a Coglin Hunter on Mar 20, 2024.
             Killed by divine providence
             ... invoked by an orc priest
              (14 damage)
             ... on level 5 of the Dungeon.
             The game lasted 00:06:26 (3926 turns).

Ajdolov the Shooter (Coglin Hunter)                 Turns: 3926, Time: 00:06:27

Health: -2/56      AC:  4    Str: 12    XL:     7   Next: 64%
Magic:  7/7        EV: 11    Int:  8    God:
Gold:   370        SH:  0    Dex: 19    Spells: 6/6 levels left

rFire   . . .        a - +2 sling {Imanvir}
rCold   . . .        d - +0 sling {Jingyi}
rNeg    . . .        c - +0 leather armour
rPois   .            (no helmet)
rElec   .            u - +0 cloak
rCorr   .            (no gloves)
SInv    .            (no boots)
Will    .....        (amulet unavailable)
Stlth   ++           (ring unavailable)
HPRegen 0.29/turn    (ring unavailable)
MPRegen 0.10/turn    (no gizmo)

%: no passive effects
@: about to teleport, revved
A: off-hand wielding, slow wielding, warmup strikes, no jewellery
a: Invent Gizmo, Convert to Beogh


You were on level 5 of the Dungeon.
You visited 1 branch of the dungeon, and saw 5 of its levels.

You collected 370 gold pieces.

Inventory:

Hand Weapons
 a - a +2 sling (weapon) {Imanvir}
 d - a +0 sling (offhand) {Jingyi}
Armour
 c - a +0 leather armour (worn)
 u - a +0 cloak (worn)
Scrolls
 g - a scroll of immolation
 h - a scroll of brand weapon {unknown}
 j - a scroll of revelation
 l - a scroll of enchant armour {unknown}
 o - 2 scrolls of poison
 p - a scroll of silence {unknown}
 q - a scroll of amnesia {unknown}
 t - a scroll of fog {unknown}
 w - a scroll of vulnerability
Potions
 e - a potion of heal wounds
 i - a potion of berserk rage {unknown}
 k - a potion of haste {unknown}
 m - 3 potions of lignification
 r - a potion of resistance {unknown}
 s - a potion of magic {unknown}
 v - a potion of mutation {unknown}


   Skills:
 - Level 5.0 Fighting
 + Level 7.1 Ranged Weapons
 - Level 1.7 Dodging
 - Level 0.7 Stealth


You had 6 spell levels left.
You didn't know any spells.
Your spell library contained the following spells:

 Spells                   Type           Power      Damage    Failure   Level
 Foxfire                  Conj/Fire      0%         2x1d4     50%         1
 Magic Dart               Conj           0%         1d3       50%         1
 Summon Small Mammal      Summ           0%         N/A       50%         1
 Blink                    Tloc           0%         N/A       63%         2
 Call Imp                 Summ           0%         N/A       63%         2
 Sublimation of Blood     Necr           0%         N/A       63%         2
 Call Canine Familiar     Summ           0%         N/A       86%         3
 Passwall                 Erth           0%         N/A       86%         3
 Volatile Blastmotes      Fire/Tloc      0%         2d10      86%         3
 Summon Blazeheart Golem  Fire/Summ      0%         N/A       99%         4
 Bombard                  Conj/Erth      0%         9d1       100%        6
 Plasma Beam              Fire/Air       0%         2x1d10    100%        6
 Starburst                Conj/Fire      0%         6d3       100%        6
 Summon Hydra             Summ           0%         N/A       100%        7


Dungeon Overview and Level Annotations

Branches:
Dungeon (5/15)
 Temple: D:4-7

Altars:
Okawaru
The Shining One

Shops:
D:2 :

Annotations:
D:3 1 runed translucent door, anet's ghost, amateur DjHW
D:5 exclusion: 2 orc priests


Innate Abilities, Weirdness & Mutations

You can wield a second weapon in your off-hand.
It takes a long time for you to wield or remove held weapons.
Your first few attacks do less damage.
You cannot equip rings or amulets.


Message History

The orc wizard casts a spell.
The orc wizard flickers and vanishes!
Deactivating autopickup; reactivate with Ctrl-A.
Okay, then.
You shoot a sling bullet. x2
The orc priest hits you but does no damage.
You hear some strange, mumbled words.
You are more confused.
The orc priest attacks as it pursues you!
The orc priest hits you with a +0 mace.
You miss the orc priest with your +0 sling.
You closely miss the orc priest with your +2 sling.
The orc priest hits you with a +0 mace! Something barely misses you.
You clumsily bash the orc priest but do no damage.
You closely miss the orc priest with your +0 sling.
The orc priest hits you with a +0 falchion.
A magic dart appears from out of thin air!
The magic dart hits you! The orc priest hits you with a +0 mace.
The orc priest completely misses you.
You clumsily bash the orc priest but do no damage. x2
You feel less confused.
The orc priest threatens, "Beogh's wrath is as vast as their mercy.
Make your choice!" The orc priest hits you with a +0 mace.
The orc priest hits you with a +0 falchion.
Something hits you.
As you read the scroll of teleportation, it crumbles to dust.
You feel strangely unstable.
The orc priest looks satisfied for a moment.
The orc priest closely misses you. Something hits you.
You shoot a sling bullet. The sling bullet hits the orc priest.
The orc priest is heavily wounded.
You shoot a sling bullet.
The sling bullet hits the orc priest but does no damage.
The orc priest is heavily wounded.
The orc priest calls down the wrath of Beogh upon you.
Pain shoots through your body!
* * * LOW HITPOINT WARNING * * *
The orc priest invokes the aid of Beogh against you.
Beogh smites you!
You die...

################# #########
#...............# ........#
#...............# ........#
#...@o..........# ........#
#....o..........# ♣♣♣♣....#
#...............#####
♣♣♣♣..#######..............##....
..♣♣...........#####.....†.'.....
..♣♣...........# +.......#.<...
..♣♣...........# #.......#.....
..♣♣...........# #.......######
..♣♣........)†.# #.............


You could see 2 orc priests.

Vanquished Creatures
  Eustachio (D:4)
  A centaur (D:5)
  A howler monkey (D:5)
  A hound (D:4)
  2 bombardier beetles (D:5)
  An orc priest (D:4)
  A sleepcap (D:4)
  An iguana (D:5)
  4 orc wizards
  3 gnolls
  3 adders
  A white imp (D:3)
  3 dart slugs
  9 orcs
  6 endoplasms
  3 giant cockroaches
  5 hobgoblins
  9 jackals
  7 kobolds
  5 quokkas
  5 ball pythons
  4 bats
  4 frilled lizards
  6 goblins
  7 rats
93 creatures vanquished.

Notes
Turn   | Place    | Note
-------+----------+-------------------------------------------
     0 | D:1      | Ajdolov the Coglin Hunter began the quest for the Orb.
     0 | D:1      | Reached XP level 1. HP: 16/16 MP: 1/1
   103 | D:1      | Reached XP level 2. HP: 21/23 MP: 2/2
   368 | D:1      | Found a faded altar of an unknown god.
   467 | D:1      | Reached XP level 3. HP: 29/29 MP: 3/3
   806 | D:2      | Found Weofyngi's Vocational Training.
  1224 | D:2      | Reached XP level 4. HP: 37/37 MP: 4/4
  1403 | D:3      | Found a glowing golden altar of the Shining One.
  1802 | D:3      | Reached skill level 5 in Fighting
  1995 | D:3      | Reached XP level 5. HP: 44/44 MP: 5/5
  2007 | D:3      | Found a runed translucent door.
  2010 | D:3      | Noticed anet's ghost (amateur DjHW)
  2088 | D:4      | Reached skill level 4 in Ranged Weapons
  2417 | D:4      | Noticed Eustachio
  2493 | D:4      | Killed Eustachio
  2494 | D:4      | Reached skill level 5 in Ranged Weapons
  2494 | D:4      | Reached XP level 6. HP: 30/51 MP: 6/6
  2991 | D:5      | Entered Level 5 of the Dungeon
  3018 | D:5      | Reached skill level 6 in Ranged Weapons
  3018 | D:5      | Reached XP level 7. HP: 50/56 MP: 7/7
  3756 | D:5      | Reached skill level 7 in Ranged Weapons
  3871 | D:5      | Found an iron altar of Okawaru.
  3926 | D:5      | Killed from afar by an orc priest

Illustrated notes

Levels and vault maps discovered:
D:1:      wander_arrival_peaceful_grave, layout_loops_ring,
          chequers_ecumenical_altar_simple, serial_bayou, serial_bayou_lagoon_a,
          serial_bayou_pond_e, serial_bayou_pond_a, serial_bayou_crossing,
          serial_bayou_pond_d
D:2:      layout_loops_ring, nicolae_shop_vocational
D:3:      layout_rooms, mainiacjoe_overflow_alcove_2, ebering_ghost_inner_flame,
          bh_walls_and_bars
D:4:      layout_loops_ring, serial_library_hellmonk_angled_corner,
          chequers_serial_rivers_marsh, uniq_eustachio
D:5:      layout_gridville, mainiacjoe_overflow_chevrons,
          minmay_temple_entry_gardened_gates

Skill      XL: |  1  2  3  4  5  6  7 |
---------------+----------------------+-----
Fighting       | 3 4 5 |  5.0
Ranged Weapons | 5 6 7 |  7.1
Dodging        | |  1.7
Stealth        | |  0.7

Action                     |  1- 3 |  4- 6 |  7- 9 || total
---------------------------+-------+-------+-------++-------
  Melee: Sling             |       |       |     8 ||     8
   Fire: Sling             |   142 |   254 |   150 ||   546
    Use: Scroll            |       |       |     7 ||     7
         Potion            |       |       |     1 ||     1
 Armour: Leather armour    |     7 |    31 |    79 ||   117
  Dodge: Dodged            |     2 |    23 |    32 ||    57

Table legend: (Time is in decaauts)
 A = Elapsed time spent in this place.
 B = Non-inter-level travel time spent in this place.
 C = Inter-level travel time spent in this place.
 D = Time resting spent in this place.
 E = Time spent auto-exploring this place.
 F = Levels seen in this place.
 G = Mean time per level.
                   A        B        C        D        E       F      G
               +--------+--------+--------+--------+--------+-----+--------+
         Total |   3997 |   3872 |    125 |    528 |   2583 |   5 |  799.4 |
       Dungeon |   3997 |   3872 |    125 |    528 |   2583 |   5 |  799.4 |
               +--------+--------+--------+--------+--------+-----+--------+

Top non-repeatable levels by time:
     D:4: 1301 daAuts
     D:2: 719 daAuts
     D:1: 704 daAuts
     D:3: 683 daAuts
     D:5: 588 daAuts
